 Dungeon Crawl Stone Soup version 0.23.0-3-gf3c87f2 (webtiles) character file.

Game seed: 15917420854090881979

29 Kairos the Grave Robber (level 3, -2/16 HPs)
             Began as a Vine Stalker Necromancer on Feb 24, 2019.
             Slain by a worm (4 damage)
             ... on level 2 of the Dungeon.
             The game lasted 00:03:11 (1275 turns).

Kairos the Grave Robber (Vine Stalker Necromancer)  Turns: 1275, Time: 00:03:12

Health: -2/16      AC:  6    Str: 10    XL:     3   Next: 16%
Magic:  0/7        EV: 10    Int: 16    God:
Gold:   72         SH:  0    Dex: 14    Spells: 6/7 levels left

rFire    . . .     SeeInvis .   f - +0 dagger
rCold    . . .     Gourm    .   (no shield)
rNeg     . . .     Faith    .   e - +0 ring mail (curse)
rPois    +         Spirit   +   (no helmet)
rElec    .         Reflect  .   (no cloak)
rCorr    .         Harm     .   n - +0 pair of gloves
MR       .....                  (no boots)
Stlth    ++........             (no amulet)
HPRegen  0.05/turn              i - ring of poison resistance
MPRegen  0.10/turn              (no ring)

@: no status effects
A: fangs 2, magic shield, antimagic bite, no potion heal 3, rot immunity
a: no special abilities


You were on level 2 of the Dungeon.
You were near starving.

You visited 1 branch of the dungeon, and saw 2 of its levels.

You collected 72 gold pieces.

Inventory:

Hand Weapons
 f - a +0 dagger (weapon)
Armour
 a - a +0 robe
 e - a cursed +0 ring mail (worn)
 j - a +0 shield
 n - a +0 pair of gloves (worn)
Jewellery
 i - a ring of poison resistance (left hand)
Scrolls
 d - 3 scrolls of identify {unknown}
 h - a scroll of fear {unknown}
 k - 2 scrolls of magic mapping {unknown}
 l - a scroll of enchant weapon {unknown}
 o - a scroll of remove curse {unknown}
Potions
 b - 2 potions of magic {unknown}
 g - a potion of brilliance {unknown}
Comestibles
 c - 2 rations
 p - 2 chunks of flesh


   Skills:
 + Level 0.1 Armour
 + Level 1.5 Dodging
 + Level 2.6 Stealth
 + Level 2.5 Spellcasting
 + Level 4.6 Necromancy


You had 6 spell levels left.
You knew the following spells:

 Your Spells              Type           Power        Failure   Level  Hunger
a - Pain                  Necr           ###.         8%          1    #......

Your spell library contained the following spells:

 Spells                   Type           Power        Failure   Level  Hunger
 Animate Skeleton         Necr           N/A          8%          1    #......
 Vampiric Draining        Necr           ###.......   22%         3    ###....
 Regeneration             Chrm/Necr      #.........   52%         3    ###....
 Animate Dead             Necr           N/A          58%         4    #####..


Dungeon Overview and Level Annotations

Branches:
Dungeon (2/15)

Altars:


Innate Abilities, Weirdness & Mutations

You have extremely sharp teeth.
When hurt, damage is shared between your health and your magic reserves.
Your bite disrupts and absorbs the magic of your enemies.
Potions cannot restore your health.
You are immune to rotting.


Message History

Aim: a worm (heavily wounded, chance to defeat MR: 81%)
The worm writhes in agony.
Casting: Pain (safe; 8% risk of failure)
Confirm with . or Enter, or press ? or * to list all spells.
Aiming: Pain (safe; 8% risk of failure)
Press: ? - help, Shift-Dir - straight line, f/p - worm
Aim: a worm (heavily wounded, chance to defeat MR: 81%)
The worm writhes in agony.
Casting: Pain (safe; 8% risk of failure)
Confirm with . or Enter, or press ? or * to list all spells.
Aiming: Pain (safe; 8% risk of failure)
Press: ? - help, Shift-Dir - straight line, f/p - worm
Aim: a worm (heavily wounded, chance to defeat MR: 81%)
The worm writhes in agony.
Casting: Pain (safe; 8% risk of failure)
Confirm with . or Enter, or press ? or * to list all spells.
You don't have enough magic to cast that spell.
Unknown command.
The worm bites you.
You die...

### ### ###
#.#######.##########.#
....[...#....w.......#
.........(##########.###
#.#####)##(..(.w@......#
.............#######.#.#
#.######.....# #.#.#
#.#.....<#...# ####.#.#
#.#.#..#.#...# #....#.#
#.#.#..#.#...# #....#.#
#.#.#....#...####....#.#
#.#.######.....w.....#.#
#.#........#.###.#.###


You could see a worm.

Vanquished Creatures
  An adder (D:2)
  6 bats
  A giant cockroach (D:2)
  A goblin (D:1)
  4 hobgoblins
  2 kobolds (D:1)
  2 frilled lizards
  3 rats (D:1)
20 creatures vanquished.

Notes
Turn   | Place    | Note
-------+----------+-------------------------------------------
     0 | D:1      | Kairos the Vine Stalker Necromancer began the quest for the
                  | Orb.
     0 | D:1      | Reached XP level 1. HP: 9/9 MP: 4/4
   335 | D:1      | Reached XP level 2. HP: 8/13 MP: 1/6
  1161 | D:2      | Reached XP level 3. HP: 10/16 MP: 2/7
  1275 | D:2      | Slain by a worm

Action                   || total
-------------------------++-------
Throw: Tomahawk          ||     6
 Cast: Pain              ||    46
Armor: Ring mail         ||     2
       Robe              ||     1
Dodge: Dodged            ||     7
